 Dungeon Crawl Stone Soup version 0.30.1-4-g462c640d31 (webtiles) character file.

Game seed: 14202016127064377454

7 hawla the Firebug (level 2, 0/20 HPs)
             Began as a Meteoran Fire Elementalist on Sept 4, 2023.
             Slain by an endoplasm (2 damage)
             ... on level 1 of the Dungeon.
             The game lasted 00:01:01 (65 turns).

hawla the Firebug (Meteoran Fire Elementalist)        Turns: 65, Time: 00:01:02

Health: 0/20       AC:  2    Str:  9    XL:     2   Next: 17%
Magic:  4/6        EV: 12    Int: 16    God:
Gold:   19         SH:  0    Dex: 14    Spells: 5/6 levels left

rFire   . . .        (no weapon)
rCold   . . .        (no shield)
rNeg    . . .        a - +0 robe
rPois   .            (no helmet)
rElec   .            (no cloak)
rCorr   .            (no gloves)
SInv    .            (no boots)
Will    .....        (no amulet)
Stlth   +            (no ring)
HPRegen 0.23/turn    (no ring)
MPRegen 0.10/turn

%: no passive effects
@: very slightly contaminated, glowing
A: sense surroundings 1, otherworldly, glowing, explore regen
a: no special abilities


You were on level 1 of the Dungeon.
You visited 1 branch of the dungeon, and saw 1 of its levels.

You collected 19 gold pieces.

Inventory:

Armour
 a - a +0 robe (worn)
Scrolls
 c - a scroll of fog {unknown}


   Skills:
 + Level 2.6 Dodging
 - Level 1.4 Stealth
 + Level 2.8 Spellcasting
 + Level 1.3 Conjurations
 + Level 3.9 Fire Magic


You had 5 spell levels left.
You knew the following spells:

 Your Spells              Type           Power      Damage    Failure   Level
a - Foxfire               Conj/Fire      40%        2x1d6     6%          1

Your spell library contained the following spells:

 Spells                   Type           Power      Damage    Failure   Level
 Scorch                   Fire           30%        2d6       5%          2
 Inner Flame              Hex/Fire       8%         N/A       26%         3
 Volatile Blastmotes      Fire/Tloc      16%        2d11      26%         3
 Flame Wave               Conj/Fire      10%        2d6       54%         4


Dungeon Overview and Level Annotations

Branches:
Dungeon (1/15) Zot: 534

Altars:


Innate Abilities, Weirdness & Mutations

You passively map a small area around you.
You are easily found by Zot.
You glow in the dark.
You regain HP and MP as you explore.


Message History

You kill the jackal!
The jackal bites you but does no damage.
The rat bites you.
Casting: Foxfire (safe; 6% risk of failure)
Confirm with . or Enter, or press ? or * to list all spells.
You conjure some foxfire!
The rat closely misses you. The jackal bites you.
The endoplasm jiggles.
The endoplasm hits you.
Casting: Foxfire (safe; 6% risk of failure)
Confirm with . or Enter, or press ? or * to list all spells.
You conjure some foxfire!
The foxfire hits the jackal.
The jackal is moderately wounded.
The foxfire hits the jackal.
The jackal is heavily wounded.
The jackal bites you. x2
* * * LOW HITPOINT WARNING * * *
The rat completely misses you. The endoplasm freezes you.
You are frozen.
* * * LOW HITPOINT WARNING * * *
Your foxfire dissipates!
The jackal attacks as you move away! The jackal barely misses you.
The jackal attacks as you move away! The jackal closely misses you.
The foxfire hits the rat.
The rat is heavily wounded.
The jackal attacks as you move away! The jackal bites you.
* * * LOW HITPOINT WARNING * * *
The jackal closely misses you.
The jackal bites you but does no damage.
You aren't carrying any potions.
The giant cockroach closely misses you. The rat closely misses you.
The jackal attacks as you move away! The jackal bites you.
* * * LOW HITPOINT WARNING * * *
The rat attacks as you move away! The rat misses you.
The rat twitches its whiskers.
The jackal closely misses you. The jackal misses you.
The giant cockroach bites you.
* * * LOW HITPOINT WARNING * * *
The endoplasm hits you.
You die...

* , , * * , * , , , ,
, * , * , * ##+## ###
* ,,# ##.@h## #..,, ..
##.hBJJ###.#**#.#
##...rh.!##.#*#..#*,
#....r†...#.##..)## *
,+......††.'........
#.........#†#...... ,
##.......##.#.###+####
##.....###J#.#..⌠...>
* * ##...##
#Jh.#......<


You could see 2 endoplasms, 3 jackals, a giant cockroach and 2 rats.

Vanquished Creatures
  2 giant cockroaches (D:1)
  2 jackals (D:1)
  2 rats (D:1)
6 creatures vanquished.

Vanquished Creatures (others)
  14 foxfires (D:1)
14 creatures vanquished.

Grand Total: 20 creatures vanquished

Notes
Turn   | Place    | Note
-------+----------+-------------------------------------------
     0 | D:1      | hawla the Meteoran Fire Elementalist began the quest for
                  | the Orb.
     0 | D:1      | Reached XP level 1. HP: 14/14 MP: 5/5
     1 | D:1      | Found a runed translucent door.
     2 | D:1      | Noticed a jelly
    57 | D:1      | Reached XP level 2. HP: 15/20 MP: 1/6
    65 | D:1      | Slain by an endoplasm

Illustrated notes

Levels and vault maps discovered:
D:1:      dpeg_arrival_caged_fury, layout_loops_corners, minmay_misc_feat_iff

Action                     || total
---------------------------++-------
  Melee: Unarmed           ||     2
   Cast: Foxfire           ||     8
    Use: Potion            ||     1
 Armour: Robe              ||     9
  Dodge: Dodged            ||    27
